 Dungeon Crawl Stone Soup version 0.19.0-9-gfd783f2 (webtiles) character file.

93706 Jerry the Unseen (level 15, -9/73 HPs)
             Began as a Spriggan Enchanter on Nov 7, 2016.
             Was an Initiate of Gozag.
             Mangled by Agnes
             ... wielding a +5 lajatang of speed
              (31 damage)
             ... on level 14 of the Dungeon on Nov 8, 2016.
             The game lasted 03:06:00 (29011 turns).

Jerry the Unseen (Spriggan Enchanter)              Turns: 29011, Time: 03:06:00

Health: -9/73      AC: 10    Str: 10 (11) XL:     15   Next: 61%
Magic:  33/33      EV: 34    Int: 25      God:    Gozag
Gold:   4648       SH:  0    Dex: 20      Spells: 9 memorised, 6 levels left

rFire  . . .     SeeInvis +     Z - +3 rapier (speed)
rCold  . . .     Gourm    .     b - +1 robe
rNeg   + . .     Faith    .     (shield restricted)
rPois  .         Spirit   .     g - +2 hat
rElec  .         Reflect  .     G - +2 cloak of the Exiled Lies {Str+7 Int+2}
rCorr  .         Harm     .     (gloves unavailable)
MR     ++...                    (boots unavailable)
Stlth  ++++++++..               (no amulet)
                                W - ring of positive energy
                                j - ring of Builaocremme {*Contam Int+3 Slay+3 SInv Stlth+}

@: studying Spellcasting, very quick
A: unfitting armour, antennae 1, icy blue scales 1, see invisible, deterioration
2, herbivore 3, speed 3, sense surroundings 1, robust 1, slow metabolism 2,
sturdy frame 1
a: Potion Petition, Call Merchant, Bribe Branch, Renounce Religion


You were on level 14 of the Dungeon.
You worshipped Gozag.
Gozag was most pleased with you.
You were not hungry.

You visited 4 branches of the dungeon, and saw 23 of its levels.

You collected 7979 gold pieces.
You spent 1798 gold pieces at shops.
You paid 1533 gold pieces to Gozag.

Inventory:

Hand Weapons
 Z - a +3 rapier of speed (weapon)
Missiles
 n - 2 throwing nets (quivered)
Armour
 b - a +1 robe (worn)
 g - a +2 hat (worn)
 G - the +2 cloak of the Exiled Lies (worn) {Str+7 Int+2}
   (You bought it in a shop on level 2 of the Orcish Mines)

   It affects your strength (+7).
   It affects your intelligence (+2).
Jewellery
 j - the ring of Builaocremme (left hand) {*Contam Int+3 Slay+3 SInv Stlth+}
   (You found it on level 4 of the Dungeon)

   [ring of slaying]

   It affects your intelligence (+3).
   It affects your accuracy and damage with ranged weapons and melee attacks
   (+3).
   It lets you see invisible.
   It causes magical contamination when unequipped.
   It makes you more stealthy.
 O - an uncursed amulet of regeneration {unknown}
 W - a ring of positive energy (right hand)
Wands
 q - a wand of disintegration (13/24)
 E - a wand of heal wounds (6/9)
 P - a wand of teleportation (4/9)
Scrolls
 a - 3 scrolls of summoning
 i - a scroll of identify
 m - 5 scrolls of teleportation
 o - 3 scrolls of recharging
 r - a scroll of fear
 w - a scroll of blinking
 y - 2 scrolls of fog
 B - 7 scrolls of remove curse
 H - 2 scrolls of enchant armour
 I - a scroll of magic mapping
 K - a scroll of amnesia
 N - 2 scrolls of immolation
Potions
 c - a potion of resistance
 e - 11 potions of curing
 k - a potion of berserk rage
 l - a potion of cancellation
 p - 5 potions of might
 t - a potion of cure mutation
 u - 6 potions of brilliance
 x - 2 potions of ambrosia
 A - 2 potions of haste
 C - a potion of magic
 D - 4 potions of flight
 L - a potion of invisibility
 M - 4 potions of agility
 R - 3 potions of heal wounds
Books
 f - a Young Poisoner's Handbook

   Spells                             Type                      Level
   a - Sting                          Conjuration/Poison           1
   b - Mephitic Cloud                 Conjuration/Poison/Air       3
   c - Olgreb's Toxic Radiance        Poison                       4
   d - Alistair's Intoxication        Transmutation/Poison         5
   e - Venom Bolt                     Conjuration/Poison           5
 h - a manual of Spellcasting
 v - a book of Dreams

   Spells                             Type                      Level
   a - Ensorcelled Hibernation        Hexes/Ice                    2
   b - Silence                        Hexes/Air                    5
   c - Darkness                       Hexes                        6
   d - Shadow Creatures               Summoning                    6
 F - a book of Ice

   Spells                             Type                      Level
   a - Ice Form                       Ice/Transmutation            4
   b - Metabolic Englaciation         Hexes/Ice                    5
   c - Ozocubu's Refrigeration        Ice                          6
   d - Bolt of Cold                   Conjuration/Ice              6
   e - Freezing Cloud                 Conjuration/Ice/Air          6
   f - Simulacrum                     Ice/Necromancy               6
 J - a book of Transfigurations

   Spells                             Type                      Level
   a - Irradiate                      Conjuration/Transmutation    5
   b - Statue Form                    Transmutation/Earth          6
   c - Hydra Form                     Transmutation                6
   d - Dragon Form                    Transmutation                7
Comestibles
 d - 15 bread rations
 s - 22 fruits
 z - 6 royal jellies


   Skills:
 - Level 2.5 Fighting
 - Level 14.1 Short Blades
 + Level 17.8 Dodging
 + Level 18.0 Stealth
 + Level 13.2 Spellcasting
 + Level 16.5 Hexes


You had 6 spell levels left.
You knew the following spells:

 Your Spells              Type           Power        Failure   Level  Hunger
a - Metabolic Englaciati  Hex/Ice        ######....   3%          5    ###....
b - Ensorcelled Hibernat  Hex/Ice        ######       1%          2    None
c - Confuse               Hex            #######.     0%          3    None
d - Cause Fear            Hex            #######...   1%          4    None
e - Invisibility          Hex            #######.     1%          6    #####..
f - Apportation           Tloc           ###.......   4%          1    None
g - Gell's Gravitas       Hex/Tloc       ######....   1%          3    None
h - Silence               Hex/Air        ######....   3%          5    ###....
i - Yara's Violent Unrav  Hex/Tmut       ######....   3%          5    ###....


Dungeon Overview and Level Annotations

Branches:
Dungeon (14/15)            Temple (1/1) D:7            Lair (6/6) D:11
  Swamp (0/4) Lair:4        Snake (0/4) Lair:2        Slime (0/5) Lair:6
    Orc (2/2) D:11            Elf (0/3) Orc:2        Vaults (0/5) D:13

Altars:
Ashenzari
Cheibriados
Dithmenos
Elyvilon
Fedhas
Gozag
Hepliaklqana
Kikubaaqudgha
Makhleb
Nemelex Xobeh
Okawaru
Qazlal
Ru
Sif Muna
Trog
Uskayaw
Vehumet
Xom
Yredelemnul
Zin
The Shining One
Lugonu

Shops:
D:4 *   D:10 :   D:13 *   Orc:2 !%[%   Lair:2 *

Annotations:
D:14 Agnes


Innate Abilities, Weirdness & Mutations

You are very small and have problems with some larger weapons.
You are too small for most types of armour.
You have supernaturally acute eyesight. (SInv)
You are a herbivore.
You cover ground extremely quickly.
You need consume almost no food.
You have a pair of small antennae on your head.
You are partially covered in icy blue scales. (AC +2)
Your body often deteriorates upon taking damage.
You passively map a small area around you.
You are robust. (+10% HP)
Your movements are slightly less encumbered by armour. (ER -2)


Message History

Agnes resists with almost no effort.
Agnes completely misses you.
You climb upwards.
There is a stone staircase leading down here.
You start resting.
The sentinel's mark upon you fades away.
You start resting.
Magic restored.
You start waiting.
Your magical contamination has completely faded away.
There is a stone staircase leading down here.
You climb downwards.
Level annotation: Agnes Agnes hits you with a lajatang of speed!
Your body deteriorates!
You feel weakened.
Agnes hits you with a lajatang of speed!!
There is a stone staircase leading up, spattered with blood here.
Agnes hits you with a lajatang of speed!!
You die...
Your body crumbles into a pile of gold.

.#............#....)#......######
.#............#.....#...>..#.., ,
.#..................#......#.# *
.'....##..##....##.######..#.# ,
##....##..##...###.##..##..#.#,
##....##....#..........#...#.# *,
#...........#..........#...#.#
+...........#..........#...#(# *
########..[.##..@......#...#.#
##....##....##...i.....'...#.####
............######'###.##........
....))......##..##..##.######...#
.)...))..............#.....##...#
###'####....##.......'...........
#.....##....##.......#...........
.)....#..............#.....##..##
..)..(#.............##.....##..##


You could see Agnes.

Vanquished Creatures
  Rupert (D:12)
  Roxanne (D:14)
  A stone giant (Orc:2)
  An ettin (Orc:2)
  Snorg (D:10)
  The ghost of Zigma the Transmogrifier, a journeyman DrTm of Qazlal (Lair:3)
  2 ogre magi (Orc:2)
  8 vault guards
  A hell beast (D:11)
  9 hydras
  Erica (D:9)
  3 centaur warriors
  4 catoblepae (Lair:6)
  Urug (D:13)
  11 death yaks (Lair:6)
  Sonja (Orc:2)
  The ghost of DOORAAD the Basher, a novice MiFi of Cheibriados (Lair:1)
  Nergalle (Lair:1)
  3 skeletal warriors (D:14)
  An iron troll (Orc:2)
  A deep troll (Orc:2)
  A lindwurm (Lair:5)
  5 hill giants
  4 oklob plants
  An orc sorcerer (Orc:2)
  2 orc knights
  2 cyclopes
  5 ugly things
  An elephant (Lair:1)
  A manticore (D:11)
  2 rust devils (D:11)
  Joseph (D:9)
  An orange demon (D:11)
  A torpor snail (Lair:5)
  A gargoyle (D:13)
  9 komodo dragons
  4 rime drakes
  10 spiny frogs
  12 trolls
  2 polar bears
  7 two-headed ogres
  14 slime creatures
  A hornet (Lair:5)
  11 dream sheep
  6 hippogriffs
  Prince Ribbit (D:9)
  8 blink frogs
  Sigmund (D:5)
  4 wyverns
  2 wraiths
  45 yaks
  A vampire (D:12)
  5 basilisks
  A steam dragon (D:11)
  3 hungry ghosts
  2 vampire mosquitoes (D:13)
  Menkaure (D:6)
  7 wargs
  4 nagas (Lair:2)
  A soldier ant (D:10)
  5 swamp worms (Lair:4)
  7 water moccasins
  5 porcupines
  4 black bears
  3 ice beasts
  15 orc warriors
  3 sky beasts
  A phantom (D:9)
  10 wolves
  30 ogres
  10 centaurs
  7 crocodiles
  7 big kobolds
  23 bullfrogs
  A wyvern zombie (D:12)
  A wyvern skeleton (D:14)
  6 scorpions
  9 killer bees
  8 wights
  5 electric eels
  6 howler monkeys
  6 crimson imps
  5 centaur zombies
  2 bullfrog zombies
  4 bullfrog skeletons
  9 hounds
  14 jellies
  14 orc priests
  2 gnoll shamans (D:7)
  21 orc wizards
  4 centaur skeletons
  6 iron imps (D:11)
  10 iguanas
  8 worker ants
  3 centaur simulacra (D:8)
  2 hound zombies
  A howler monkey zombie (D:8)
  A worker ant zombie (D:8)
  A howler monkey skeleton (D:5)
  10 gnolls (D:7)
  11 adders
  2 shadow imps
  2 white imps (D:8)
  2 ufetubi (D:8)
  12 oozes
  An adder zombie (D:9)
  3 adder skeletons
  4 worms
  A dart slug (D:2)
  8 leopard geckos
  69 orcs
  4 bats
  4 giant cockroaches
  9 goblins
  2 hobgoblins
  16 jackals
  6 quokkas
  A ball python (D:7)
  5 frilled lizards
  25 kobolds
  A leopard gecko zombie (D:5)
  6 rats
  A fungus (Lair:5)
728 creatures vanquished.

Vanquished Creatures (others)
  A hound skeleton (D:10)
  An adder (D:12)
  6 fungi
8 creatures vanquished.

Grand Total: 736 creatures vanquished

Notes
Turn   | Place    | Note
-------+----------+-------------------------------------------
     0 | D:1      | Jerry the Spriggan Enchanter began the quest for the Orb.
     0 | D:1      | Reached XP level 1. HP: 9/9 MP: 5/5
   108 | D:1      | Reached XP level 2. HP: 10/13 MP: 6/6
   331 | D:1      | Learned a level 2 spell: Ensorcelled Hibernation
   421 | D:1      | Reached skill level 5 in Stealth
   498 | D:1      | You fall through a shaft!
   504 | D:2      | Reached XP level 3. HP: 15/16 MP: 0/8
  1689 | D:2      | Reached XP level 4. HP: 21/21 MP: 7/10
  2446 | D:3      | Reached XP level 5. HP: 17/24 MP: 8/11
  2831 | D:3      | Learned a level 3 spell: Confuse
  2833 | D:3      | Learned a level 1 spell: Confusing Touch
  2872 | D:4      | Got a coiled silver ring
  2874 | D:4      | Identified the ring of Builaocremme {*Contam Int+3 Slay+3 SInv Stlth+} (You found it on level 4 of the Dungeon)
  3014 | D:4      | Reached skill level 6 in Stealth
  3051 | D:4      | Reached skill level 5 in Hexes
  3299 | D:4      | Found Luphuenk's Elemental Accessories.
  3675 | D:5      | Entered Level 5 of the Dungeon
  3682 | D:5      | Reached XP level 6. HP: 28/28 MP: 13/13
  3727 | D:5      | HP: 1/28 [hound zombie (3)]
  4101 | D:5      | Noticed Sigmund
  4110 | D:5      | Killed Sigmund
  4258 | D:5      | Reached XP level 7. HP: 29/32 MP: 15/15
  4277 | D:5      | Reached skill level 7 in Stealth
  4355 | D:5      | Reached skill level 5 in Spellcasting
  4450 | D:5      | Noticed a hungry ghost
  4457 | D:5      | Killed a hungry ghost
  4457 | D:5      | Reached skill level 5 in Dodging
  4842 | D:6      | Found a shadowy altar of Dithmenos.
  4888 | D:6      | Reached XP level 8. HP: 36/36 MP: 17/17
  4890 | D:6      | Noticed Menkaure
  4908 | D:6      | Killed Menkaure
  4908 | D:6      | Reached skill level 8 in Stealth
  4979 | D:6      | Reached skill level 5 in Short Blades
  5387 | D:7      | Found a staircase to the Ecumenical Temple.
  5397 | Temple   | Entered the Ecumenical Temple
  5644 | Temple   | Became a worshipper of Gozag Ym Sagoz the Greedy
  6079 | D:7      | Reached skill level 9 in Stealth
  6333 | D:7      | Noticed a hippogriff
  6344 | D:7      | Killed a hippogriff
  6344 | D:7      | Reached XP level 9. HP: 34/39 MP: 19/20
  7449 | D:8      | Reached skill level 10 in Stealth
  8539 | D:8      | Noticed a polar bear
  8548 | D:8      | Killed a polar bear
  8809 | D:8      | Reached XP level 10. HP: 44/44 MP: 23/23
  8860 | D:8      | Reached skill level 11 in Stealth
  9278 | D:9      | Noticed a three-headed hydra
  9281 | D:9      | Killed a three-headed hydra
  9281 | D:9      | Reached skill level 10 in Dodging
  9394 | D:9      | Noticed Erica
  9476 | D:9      | Killed Erica
  9476 | D:9      | Reached skill level 12 in Stealth
  9476 | D:9      | Reached skill level 10 in Hexes
  9611 | D:9      | Noticed a hill giant
  9616 | D:9      | Killed a hill giant
  9616 | D:9      | Reached XP level 11. HP: 47/47 MP: 25/25
  9714 | D:9      | Noticed Prince Ribbit
  9721 | D:9      | Killed Prince Ribbit
 10097 | D:9      | Noticed an oklob plant
 10410 | D:9      | Noticed Joseph
 10416 | D:9      | Killed Joseph
 10513 | D:9      | Reached skill level 10 in Spellcasting
 10972 | D:9      | Killed an oklob plant
 10972 | D:9      | Reached skill level 13 in Stealth
 10993 | D:10     | Entered Level 10 of the Dungeon
 12140 | D:10     | Noticed a purple ugly thing
 12259 | D:10     | Killed a purple ugly thing
 12349 | D:10     | Noticed Snorg
 12382 | D:10     | Killed Snorg
 12510 | D:10     | Noticed a hill giant
 12517 | D:10     | Killed a hill giant
 12608 | D:10     | Found Wioreom's Book Emporium.
 12616 | D:10     | Bought a book of Party Tricks for 600 gold pieces
 12623 | D:10     | Learned a level 6 spell: Invisibility
 12625 | D:10     | Learned a level 1 spell: Apportation
 12629 | D:10     | Learned a level 3 spell: Gell's Gravitas
 12633 | D:10     | Learned a level 3 spell: Tukima's Dance
 12993 | D:11     | Found a staircase to the Orcish Mines.
 12996 | D:11     | Reached XP level 12. HP: 51/51 MP: 27/27
 13003 | D:11     | Reached skill level 14 in Stealth
 13071 | D:11     | Reached skill level 10 in Short Blades
 13421 | D:11     | Found a corrupted altar of Lugonu.
 13421 | D:11     | Noticed a hell beast
 13455 | D:11     | Noticed a five-headed hydra
 13458 | D:11     | Killed a five-headed hydra
 13648 | D:11     | Killed a hell beast
 14241 | D:11     | Noticed a five-headed hydra
 14257 | D:11     | Killed a five-headed hydra
 14257 | D:11     | Reached skill level 15 in Stealth
 14304 | D:11     | Found a staircase to the Lair.
 14409 | Lair:1   | Entered Level 1 of the Lair of Beasts
 14618 | Lair:1   | Noticed DOORAAD's ghost (novice MiFi)
 14677 | Lair:1   | Noticed Nergalle
 14684 | Lair:1   | Killed Nergalle
 14841 | Lair:1   | Killed DOORAAD's ghost
 15413 | Lair:1   | Learned a level 5 spell: Metabolic Englaciation
 15419 | Lair:1   | Learned a level 5 spell: Yara's Violent Unravelling
 15445 | Lair:1   | Noticed a four-headed hydra
 15458 | Lair:1   | Killed a four-headed hydra
 15625 | Lair:2   | Found a staircase to the Snake Pit.
 15633 | Lair:2   | Reached skill level 16 in Stealth
 15633 | Lair:2   | Reached XP level 13. HP: 47/55 MP: 24/28
 15649 | Lair:2   | Learned a level 4 spell: Cause Fear
 16295 | Lair:3   | Noticed Zigma's ghost (journeyman DrTm)
 16317 | Lair:3   | Killed Zigma's ghost
 17899 | Lair:4   | Reached skill level 15 in Dodging
 18168 | Lair:4   | Found a staircase to the Swamp.
 19634 | Lair:5   | Found a runed door.
 19922 | Lair:6   | Entered Level 6 of the Lair of Beasts
 20240 | Orc:1    | Entered Level 1 of the Orcish Mines
 20312 | Orc:2    | Entered Level 2 of the Orcish Mines
 20443 | Orc:2    | Noticed Sonja
 20471 | Orc:2    | Killed Sonja
 20781 | Orc:2    | Reached XP level 14. HP: 59/59 MP: 18/29
 20811 | Orc:2    | Noticed a stone giant
 20849 | Orc:2    | Killed a stone giant
 20865 | Orc:2    | Reached skill level 15 in Hexes
 21458 | Orc:2    | Found Zeakk's Food Shoppe.
 21527 | Orc:2    | Found Xoigg's Antique Armour Boutique.
 21754 | Orc:2    | Bought a bread ration for 50 gold pieces
 21754 | Orc:2    | Bought a royal jelly for 20 gold pieces
 21754 | Orc:2    | Bought a bread ration for 50 gold pieces
 21754 | Orc:2    | Bought a royal jelly for 20 gold pieces
 21754 | Orc:2    | Bought a slice of pizza for 15 gold pieces
 21754 | Orc:2    | Bought a bread ration for 50 gold pieces
 21754 | Orc:2    | Bought a bread ration for 50 gold pieces
 21777 | Orc:2    | Found Xics's Food Emporium.
 21779 | Orc:2    | Found Vusmuh's Distillery.
 22092 | Orc:2    | Bought a potion of mutation for 32 gold pieces
 22092 | Orc:2    | Bought a potion of flight for 39 gold pieces
 22092 | Orc:2    | Bought a potion of agility for 52 gold pieces
 22092 | Orc:2    | Bought a potion of resistance for 130 gold pieces
 22092 | Orc:2    | Bought 2 potions of lignification for 78 gold pieces
 22092 | Orc:2    | Bought a potion of brilliance for 52 gold pieces
 22092 | Orc:2    | Bought a potion of might for 52 gold pieces
 22118 | Orc:2    | Found a staircase to the Elven Halls.
 22139 | Orc:2    | Bought a faintly humming cloak for 247 gold pieces
 22144 | Orc:2    | Identified the +2 cloak of the Exiled Lies {Str+7 Int+2} (You bought it in a shop on level 2 of the Orcish Mines)
 23320 | Lair:2   | Bought a scroll of amnesia for 126 gold pieces
 23335 | Lair:2   | Learned a level 5 spell: Silence
 23479 | Lair:6   | Reached skill level 1 in Fighting
 24582 | Lair:6   | Found a staircase to the Slime Pits.
 24995 | D:12     | Reached skill level 17 in Stealth
 25511 | D:12     | Reached XP level 15. HP: 67/67 MP: 27/31
 25791 | D:12     | Found a burning altar of Makhleb.
 26420 | D:13     | Found a gate to the Vaults.
 26592 | D:13     | Noticed Rupert
 27454 | D:13     | Noticed Urug
 27465 | D:13     | Killed Urug
 27596 | D:14     | Noticed Roxanne
 27611 | D:14     | Killed Roxanne
 27737 | D:14     | Noticed Agnes
 27770 | D:13     | Bought a scroll of amnesia for 105 gold pieces
 27770 | D:13     | Bought a scroll labeled MITTIFUFFA for 30 gold pieces
 27775 | D:13     | Gained mutation: Your body sometimes deteriorates upon taking damage. [potion of mutation]
 27775 | D:13     | Gained mutation: You passively map a small area around you. [potion of mutation]
 27775 | D:13     | Gained mutation: You are robust. (+10% HP) [potion of mutation]
 27776 | D:13     | Gained mutation: Your body often deteriorates upon taking damage. [potion of mutation]
 27776 | D:13     | Gained mutation: Your movements are slightly less encumbered by armour. (ER -2) [potion of mutation]
 27778 | D:13     | Gained mutation: You are partially covered in icy blue scales. (AC +2) [potion of mutation]
 27778 | D:13     | Gained mutation: You have a pair of small antennae on your head. [potion of mutation]
 28018 | D:12     | Killed Rupert
 28863 | D:14     | Reached skill level 18 in Stealth
 29011 | D:14     | Mangled by Agnes

Skill      XL: |  1  2  3  4  5  6  7  8  9 10 11 12 13 14 15 |
---------------+----------------------------------------------+-----
Stealth        | 5 6 7 9 10 12 13 16 17 18 | 18.0
Spellcasting   | 3 4 5 6 8 9 10 11 13 | 13.2
Hexes          | 4 5 6 7 8 10 11 13 14 15 16 | 16.5
Short Blades   | 2 3 4 6 7 8 9 10 12 14 | 14.1
Dodging        | 4 5 7 9 10 12 14 16 17 | 17.8
Fighting       | 2 |  2.5

Action                   |  1- 3 |  4- 6 |  7- 9 | 10-12 | 13-15 || total
-------------------------+-------+-------+-------+-------+-------++-------
Melee: Dagger            |   119 |   140 |   326 |   447 |   249 ||  1281
       Rapier            |       |       |       |       |   344 ||   344
 Fire: Blowgun           |       |       |       |       |     1 ||     1
Throw: Tomahawk          |       |     5 |       |       |       ||     5
 Cast: Ensorcelled Hiber |     7 |    27 |    78 |   137 |   250 ||   499
       Confuse           |       |     9 |    37 |    64 |   112 ||   222
       Confusing Touch   |       |     2 |       |     2 |       ||     4
       Corona            |       |       |     3 |       |       ||     3
       Invisibility      |       |       |       |       |    14 ||    14
       Yara's Violent Un |       |       |       |       |     1 ||     1
Invok: Call Merchant     |       |       |       |       |     2 ||     2
  Use: Scroll            |       |     7 |     1 |    17 |    14 ||    39
       Potion            |       |       |       |       |     9 ||     9
 Stab: Sleeping          |     7 |    18 |    60 |   138 |   202 ||   425
       Confused          |       |     3 |    18 |    38 |    47 ||   106
       Distracted        |       |       |     3 |     5 |     6 ||    14
       Invisible         |       |       |       |       |    49 ||    49
  Eat: Bread ration      |       |     1 |     1 |       |     2 ||     4
       Pizza             |       |       |       |     1 |     7 ||     8
       Fruit             |       |       |       |       |     1 ||     1
Armor: Robe              |    12 |    13 |    12 |    11 |    16 ||    64
Dodge: Dodged            |    96 |    95 |   178 |   190 |   356 ||   915
